 Dungeon Crawl Stone Soup version 0.27-a0-789-g6bb3289e1e (webtiles) character file.

Game seed: 12331074926892530468

140 leviel the Skirmisher (level 5, -8/33 HPs)
             Began as a Gargoyle Monk on Mar 26, 2021.
             Killed by divine providence
             ... invoked by an orc priest
              (10 damage)
             ... on level 4 of the Dungeon.
             The game lasted 00:03:57 (3267 turns).

leviel the Skirmisher (Gargoyle Monk)               Turns: 3267, Time: 00:03:58

Health: -8/33      AC:  6    Str: 16    XL:     5   Next: 23%
Magic:  5/5        EV: 12    Int: 10    God:
Gold:   117        SH:  0    Dex: 12    Spells: 4/4 levels left

rFire    . . .     SeeInvis .   a - +0 falchion
rCold    . . .     Faith    .   (no shield)
rNeg     + . .     Spirit   .   b - +0 robe
rPois    ∞         Reflect  .   (no helmet)
rElec    +         Harm     .   (no cloak)
rCorr    .         Rampage  .   (no gloves)
Will     .....                  (no boots)
Stlth    ++........             (no amulet)
HPRegen  0.11/turn              (no ring)
MPRegen  0.09/turn              (no ring)

@: no status effects
A: AC +4, negative energy resistance 1, electricity resistance, torment
resistance 1, unbreathing 1, petrification resistance
a: no special abilities


You were on level 4 of the Dungeon.
You visited 1 branch of the dungeon, and saw 4 of its levels.

You collected 117 gold pieces.

Inventory:

Hand Weapons
 a - a +0 falchion (weapon)
Armour
 b - a +0 robe (worn)
Wands
 n - a wand of polymorph (10)
Scrolls
 c - a scroll of acquirement {unknown}
 d - 7 scrolls of identify {unknown}
 f - a scroll of teleportation {unknown}
 g - a scroll of holy word {unknown}
 h - a scroll of magic mapping {unknown}
 k - a scroll of immolation {unknown}
 l - a scroll of fear {unknown}
 m - 2 scrolls of noise {unknown}
 o - a scroll of vulnerability {unknown}
 q - a scroll of torment {unknown}
 r - a scroll of fog {unknown}
Potions
 e - 2 potions of brilliance {unknown}
 i - a potion of might
 j - 2 potions of curing {unknown}
 p - a potion of haste {unknown}


   Skills:
 + Level 4.0 Fighting
 + Level 3.6 Long Blades
 + Level 1.3 Armour
 + Level 3.1 Dodging
 + Level 3.1 Stealth
 - Level 0.1 Evocations


You had 4 spell levels left.
You didn't know any spells.
Your spell library contained the following spells:

 Spells                   Type           Power      Damage    Failure   Level
 Animate Skeleton         Necr           0%         N/A       36%         1
 Apportation              Tloc           0%         N/A       36%         1
 Corona                   Hex            0%         N/A       36%         1
 Summon Small Mammal      Summ           0%         N/A       36%         1
 Call Imp                 Summ           0%         N/A       50%         2
 Call Canine Familiar     Summ           0%         N/A       75%         3
 Confusing Touch          Hex            0%         N/A       75%         3
 Gell's Gravitas          Tloc           0%         N/A       75%         3
 Summon Guardian Golem    Hex/Summ       0%         N/A       75%         3
 Petrify                  Tmut/Erth      0%         N/A       98%         4
 Summon Ice Beast         Ice/Summ       0%         N/A       98%         4
 Summon Lightning Spire   Summ/Air       0%         N/A       98%         4
 Metabolic Englaciation   Hex/Ice        0%         N/A       100%        5
 Yara's Violent Unravell  Hex/Tmut       0%         3d3       100%        5


Dungeon Overview and Level Annotations

Branches:
Dungeon (4/15)
 Temple: D:4-7

Altars:
Hepliaklqana

Shops:
D:3 :


Innate Abilities, Weirdness & Mutations

Your stone body is resilient. (AC +4)
You are immune to poison.
You resist negative energy. (rN+)
You are resistant to electric shocks. (rElec)
You are resistant to unholy torment.
You can survive without breathing.
You are immune to petrification.


Message History

You hit the centaur skeleton.
You destroy the centaur skeleton!
You have reached level 5!
An orc comes into view. It is wielding a +0 hand axe.
An orc is nearby!
The orc shouts!
You hear a shout! x2
An orc comes into view.
It is wielding a +0 falchion and wearing a +1 ring mail of willpower.
An orc priest comes into view. It is wielding a +0 flail.
You hear a shout!
Found a ring mail.
The orc shouts!
The orc priest miscasts a cantrip.
You hit the orc.
The orc is severely wounded.
The orc hits you with a +0 hand axe.
You barely miss the orc.
The orc is severely wounded.
The orc barely misses you. The orc hits you with a +0 hand axe.
You are too injured to fight recklessly!
You are too injured to fight recklessly!
You are too injured to fight recklessly!
You are too injured to fight recklessly!
You are too injured to fight recklessly!
You are too injured to fight recklessly!
You are too injured to fight recklessly!
You are too injured to fight recklessly!
You are too injured to fight recklessly!
You are too injured to fight recklessly!
You are too injured to fight recklessly!
You are too injured to fight recklessly!
You are too injured to fight recklessly!
Unknown command.
An orc comes into view. It is wielding a +0 short sword.
The orc priest calls down the wrath of Beogh upon you.
Beogh smites you!
* * * LOW HITPOINT WARNING * * *
You hear a shout!
The orc priest calls down the wrath of Beogh upon you.
Beogh smites you!
You die...

+...[ #....# #..#######
..... #......... #...
#....##### #...####
#....#.... #......#
#......... #..<...#
###....#####
##...o..#####...#..#...#
#..o...o.@.$......#..#.#.#
#..o.....#.........###.#..
#........#.............###
#........#.............###
#........#........####.#..
#........#........# #.#.#
...##########.##.>. #.#.#
.. #.##..?.##### #.##.[..


You could see an orc priest and 3 orcs.

Vanquished Creatures
  A centaur skeleton (D:4)
  A howler monkey zombie (D:4)
  3 adders (D:2)
  A worm (D:3)
  2 dart slugs
  An orc (D:3)
  4 endoplasms
  3 giant cockroaches
  6 goblins
  4 hobgoblins
  10 jackals
  4 quokkas
  3 ball pythons
  5 bats
  4 frilled lizards
  5 kobolds
  7 rats
64 creatures vanquished.

Notes
Turn   | Place    | Note
-------+----------+-------------------------------------------
     0 | D:1      | leviel the Gargoyle Monk began the quest for the Orb.
     0 | D:1      | Reached XP level 1. HP: 14/14 MP: 1/1
   275 | D:1      | Reached XP level 2. HP: 17/19 MP: 2/2
   955 | D:1      | Reached XP level 3. HP: 23/23 MP: 3/3
  1616 | D:2      | Reached XP level 4. HP: 6/29 MP: 4/4
  2061 | D:2      | Found a faded altar of an unknown god.
  2903 | D:3      | Found a hazy altar of Hepliaklqana.
  2928 | D:3      | Found Zecabisatz's Book Shop.
  3208 | D:4      | Reached skill level 4 in Fighting
  3208 | D:4      | Reached skill level 1 in Armour
  3234 | D:4      | Reached XP level 5. HP: 14/33 MP: 5/5
  3267 | D:4      | Killed from afar by an orc priest

Illustrated notes

Levels and vault maps discovered:
D:1:      dpeg_arrival_solitude, layout_loops_ring, minmay_statues_item
D:2:      layout_basic, chequers_ecumenical_altar_simple
D:3:      layout_basic, marbit_many_paths, serial_shops, shop
D:4:      layout_basic, dk_noncrumbling_4, kennysheep_cluttered_room,
          bh_walls_and_bars

Skill      XL: |  1  2  3  4 |
---------------+-------------+-----
Long Blades    | 3 |  3.6
Dodging        | 3 |  3.1
Fighting       | 4 |  4.0
Armour         | 1 |  1.3
Stealth        | 3 |  3.1
Evocations     | |  0.1

Action                   |  1- 3 |  4- 6 || total
-------------------------+-------+-------++-------
Melee: Falchion          |   117 |    76 ||   193
  Use: Potion            |     1 |       ||     1
 Stab: Sleeping          |     6 |     3 ||     9
Armor: Robe              |    35 |    30 ||    65
Dodge: Dodged            |    95 |    57 ||   152
       Rpst.: Falchion   |    29 |    17 ||    46

Table legend: (Time is in decaauts)
 A = Elapsed time spent in this place.
 B = Non-inter-level travel time spent in this place.
 C = Inter-level travel time spent in this place.
 D = Time resting spent in this place.
 E = Time spent auto-exploring this place.
 F = Levels seen in this place.
 G = Mean time per level.
                   A        B        C        D        E       F      G
               +--------+--------+--------+--------+--------+-----+--------+
         Total |   3293 |   3217 |     76 |    349 |   2397 |   4 |  823.2 |
       Dungeon |   3293 |   3217 |     76 |    349 |   2397 |   4 |  823.2 |
               +--------+--------+--------+--------+--------+-----+--------+

Top non-repeatable levels by time:
     D:1: 1164 daAuts
     D:2: 1101 daAuts
     D:3: 892 daAuts
     D:4: 135 daAuts
